Workbook

Sheet Instruções de Preenchimento
A1: INSTRUÇÕES ESPECÍFICAS
A2: Nas áreas em "AMARELO DESTACADO", preencher somente o CUSTO UNITÁRIO (SEM BDI) sem deixar campos vazios
A3: Não esquecer de preencher o BDI no campo editável destacado em amarelo
A4: Não fazer proposta de valores diferentes para o mesmo código de ativeidades/serviços
A5: Não alterar os demais campos
A6: Não criar nova planilha para forçar o preenchimento de campos não permitidos;
A7: O objeto (Pavimentação) está fragmentado em 3 trechos
A8: Não faz necessário os preenchimentos dos CFF's
A9: RESSALVA apenas conferir a soma das propostas dos Trechos 1, 2 e 3 se confererem com a proposta de Orçamento_Global.
A10: Antes de finalizar o procedimento, verificar se os lançamentos de propostas para cada item da planilha correspondem aos itens da proposta impressa
A11: Observar e cumprir minuciosamente as instruções acima descritas a fim de se evitar problemas no procedimento de importação das propostas

Sheet Orçamento 
A1: RAZÃO SOCIAL DA EMPRESA PARTICIPANTE
A9: PREFEITURA MUNICIPAL DE BEBEDOURO-SP
A11: Ministério das Cidades | J11: BDI
A12: Contrato de Repasse N° 980455_2025/MCIDADES/CAIXA | J12: 0
A13: PO - PLANILHA ORÇAMENTÁRIA
A15: Item | B15: Fonte | C15: Código | D15: Descrição | E15: Unidade | F15: Quantidade | G15: Custo Unitário (sem BDI) (R$) | H15: BDI | I15: Preço Unitário (com BDI) (R$) | J15: Preço Total (R$)
A16: QUALIFICAÇÃO VIÁRIA NO MUNICÍPIO DE BEBEDOURO/SP | J16: =SUM(J17+J20+J24+J27+J30) -> 0
A17: 1 | D17: SERVIÇOS PRELIMINARES | G17: - | I17: - | J17: =SUM(J18:J19) -> 0
A18: 1.1 | B18: CDHU | C18: 02.08.02 | D18: PLACA DE IDENTIFICAÇÃO PARA OBRA | E18: M2 | F18: 6 | G18: 0 | H18: =$J$12 -> 0 | I18: =ROUND(G18*(1+H18),2) -> 0 | J18: =TRUNC(F18*I18,3) -> 0
A19: 1.2 | B19: SINAPI | C19: 10778 | D19: LOCACAO DE CONTAINER 2,30 X 6,00 M, ALT. 2,50 M, PARA SANITARIO, COM 4 BACIAS, 8 CHUVEIROS,1 LAVATORIO E 1 MICTORIO (NAO INCLUI MOBILIZACAO/DESMOBILIZACAO) | E19: UN | F19: 5 | G19: 0 | H19: =$J$12 -> 0 | I19: =ROUND(G19*(1+H19),2) -> 0 | J19: =TRUNC(F19*I19,3) -> 0
A20: 2 | D20: RECAPE ASFÁLTICO | G20: - | I20: - | J20: =SUM(J21:J23) -> 0
A21: 2.1 | B21: SINAPI | C21: 99814 | D21: LIMPEZA DE SUPERFÍCIE PISO OU PAREDE COM JATO DE ALTA PRESSÃO. AF_10/2025 | E21: M2 | F21: 18587.43 | G21: 0 | H21: =$J$12 -> 0 | I21: =ROUND(G21*(1+H21),2) -> 0 | J21: =TRUNC(F21*I21,3) -> 0
A22: 2.2 | B22: CDHU | C22: 54.03.23 | D22: IMPRIMAÇÃO BETUMINOSA LIGANTE | E22: M2 | F22: 18587.43 | G22: 0 | H22: =$J$12 -> 0 | I22: =ROUND(G22*(1+H22),2) -> 0 | J22: =TRUNC(F22*I22,3) -> 0
A23: 2.3 | B23: CDHU | C23: 54.03.21 | D23: CAMADA DE ROLAMENTO EM CONCRETO BETUMINOSO USINADO QUENTE - CBQU | E23: M3 | F23: 650.56 | G23: 0 | H23: =$J$12 -> 0 | I23: =ROUND(G23*(1+H23),2) -> 0 | J23: =TRUNC(F23*I23,3) -> 0
A24: 3 | D24: SINALIZAÇÃO HORIZONTAL | G24: - | I24: - | J24: =SUM(J25:J26) -> 0
A25: 3.1 | B25: CDHU | C25: 70.02.00 | D25: LIMPEZA, PRÉ MARCAÇÃO E PRÉ PINTURA DE SOLO | E25: M2 | F25: 129.6 | G25: 0 | H25: =$J$12 -> 0 | I25: =ROUND(G25*(1+H25),2) -> 0 | J25: =TRUNC(F25*I25,3) -> 0
A26: 3.2 | B26: CDHU | C26: 70.02.01 | D26: SINALIZAÇÃO HORIZONTAL EM LAMINADO ELASTOPLÁSTICO RETROREFLETIVO E ANTIDERRAPANTE, PARA SÍMBOLOS E LETRAS | E26: M2 | F26: 129.6 | G26: 0 | H26: =$J$12 -> 0 | I26: =ROUND(G26*(1+H26),2) -> 0 | J26: =TRUNC(F26*I26,3) -> 0
A27: 4 | D27: SINALIZAÇÃO VERTICAL | G27: - | I27: - | J27: =SUM(J28:J29) -> 0
A28: 4.1. | B28: COMPOSIÇÃO | C28: 2 | D28: FORNECIMENTO E IMPLEMENTAÇÃO DE PLACA DE SINALIZAÇÃO VIÁRIA DE AÇO COM PINTURA REFLETIVA | E28: M2 | F28: 5.42 | G28: 0 | H28: =$J$12 -> 0 | I28: =ROUND(G28*(1+H28),2) -> 0 | J28: =TRUNC(F28*I28,3) -> 0
A29: 4.2. | B29: COMPOSIÇÃO | C29: 3 | D29: FORNECIMENTO E IMPLEMENTAÇÃO DE SUPORTE METÁLICO GALVANIZADO (D=2 1/2" E H=3,50M) PARA PLACA DE SINALIZAÇÃO (ADVERTÊNCIA E REGULAMENTAÇÃO) | E29: UN | F29: 42 | G29: 0 | H29: =$J$12 -> 0 | I29: =ROUND(G29*(1+H29),2) -> 0 | J29: =TRUNC(F29*I29,3) -> 0
A30: 5 | D30: RAMPA DE ACESSIBILIDADE | G30: - | I30: - | J30: =SUM(J31:J37) -> 0
A31: 5.1 | B31: SINAPI | C31: 104790 | D31: CONSTRUÇÃO DE BASE E SUB-BASE PARA PAVIMENTAÇÃO DE SOLO (PREDOMINANTEMENTE ARENOSO) BRITA - 40%-60%, MISTURA EM PISTA, COM ESPESSURA DE 15 CM - EXCLUSIVE ESCAVAÇÃO, CARGA E TRANSPORTE E SOLO. AF_09/2024 | E31: M3 | F31: 35.15 | G31: 0 | H31: =$J$12 -> 0 | I31: =ROUND(G31*(1+H31),2) -> 0 | J31: =TRUNC(F31*I31,3) -> 0
A32: 5.2 | B32: SINAPI | C32: 93358 | D32: TRANSPORTE COM CAMINHÃO BASCULANTE DE 10 M³, EM VIA URBANA PAVIMENTADA, DMT ATÉ 30 KM (UNIDADE: TXKM). AF_07/2020 | E32: M3 | F32: 50.32 | G32: 0 | H32: =$J$12 -> 0 | I32: =ROUND(G32*(1+H32),2) -> 0 | J32: =TRUNC(F32*I32,3) -> 0
A33: 5.3 | B33: SINAPI | C33: 97083 | D33: TRANSPORTE COM CAMINHÃO BASCULANTE DE 10 M³, EM VIA URBANA PAVIMENTADA, ADICIONAL PARA DMT EXCEDENTE A 30 KM (UNIDADE: TXKM). AF_07/2020 | E33: M2 | F33: 507.3 | G33: 0 | H33: =$J$12 -> 0 | I33: =ROUND(G33*(1+H33),2) -> 0 | J33: =TRUNC(F33*I33,3) -> 0
A34: 5.4 | B34: SINAPI | C34: 96622 | D34: CARGA, MANOBRA E DESCARGA DE SOLOS E MATERIAIS GRANULARES EM CAMINHÃO BASCULANTE 10 M³ - CARGA COM ESCAVADEIRA HIDRÁULICA (CAÇAMBA DE 1,20 M³ / 155 HP) E DESCARGA LIVRE (UNIDADE: M3). AF_07/2020 | E34: M3 | F34: 25.36 | G34: 0 | H34: =$J$12 -> 0 | I34: =ROUND(G34*(1+H34),2) -> 0 | J34: =TRUNC(F34*I34,3) -> 0
A35: 5.5 | B35: SINAPI | C35: 94995 | D35: EXECUÇÃO DE IMPRIMAÇÃO COM ASFALTO DILUÍDO CM-30, PARA OBRAS DE CONSTRUÇÃO DE PAVIMENTOS. AF_09/2024 | E35: M2 | F35: 507.3 | G35: 0 | H35: =$J$12 -> 0 | I35: =ROUND(G35*(1+H35),2) -> 0 | J35: =TRUNC(F35*I35,3) -> 0
A36: 5.6 | B36: SINAPI | C36: 104658 | D36: EXECUÇÃO DE PINTURA DE LIGAÇÃO COM EMULSÃO ASFÁLTICA RR-2C. PARA OBRAS DE CONSTRUÇÃO DE PAVIMENTOS AF_09/2024. | E36: M2 | F36: 60.13 | G36: 0 | H36: =$J$12 -> 0 | I36: =ROUND(G36*(1+H36),2) -> 0 | J36: =TRUNC(F36*I36,3) -> 0
A37: 5.7 | B37: SINAPI | C37: 102513 | D37: CARGA DE MISTURA ASFÁLTICA EM CAMINHÃO BASCULANTE 14 M³ (UNIDADE: M3). AF_07/2020 | E37: M2 | F37: 116.55 | G37: 0 | H37: =$J$12 -> 0 | I37: =ROUND(G37*(1+H37),2) -> 0 | J37: =TRUNC(F37*I37,3) -> 0

Sheet CFF
A10: PREFEITURA MUNICIPAL DE BEBEDOURO-SP
A11: Ministério das Cidades
A12: Contrato de Repasse N° 980455_2025/MCIDADES/CAIXA
A14: CRONOGRAMA FÍSICO-FINANCEIRO
A15: Item | B15: Descrição | E15: Valor (R$) | F15: Parcelas: | G15: 1 ° | H15: 2 ° | I15: 3 ° | J15: 4 ° | K15: 5 °
G16: Mês | H16: Mês | I16: Mês | J16: Mês | K16: Mês
A17: 1 | B17: Pavimentação Asfáltica | E17: =E19+E21+E23+E25+E27 -> 0 | F17: % Período: | G17: 0.1814 | H17: 0.2665 | I17: 0.2612 | J17: 0.2188 | K17: 0.0421
A19: 1 | B19: SERVIÇOS PRELIMINARES | E19: ='Orçamento '!J17 -> 0 | F19: % Período: | G19: 0.5 | H19: 0.1 | I19: 0.1 | J19: 0.1 | K19: 0.2
A21: 2 | B21: RECAPE ASFÁLTICO | E21: ='Orçamento '!J20 -> 0 | F21: % Período: | G21: 0.2 | H21: 0.3 | I21: 0.3 | J21: 0.2
A23: 3 | B23: SINALIZAÇÃO HORIZONTAL | E23: ='Orçamento '!J24 -> 0 | F23: % Período: | I23: 0.2 | J23: 0.5 | K23: 0.3
A25: 4 | B25: SINALIZAÇÃO VERTICAL | E25: ='Orçamento '!J27 -> 0 | F25: % Período: | J25: 0.5 | K25: 0.5
A27: 5 | B27: RAMPA DE ACESSIBILIDADE | E27: ='Orçamento '!J30 -> 0 | F27: % Período: | I27: 0.3 | J27: 0.3 | K27: 0.4
A30: Total: | B30: =K33 -> 0 | D30: Período: | E30: %: | G30: =G17 -> 0.1814 | H30: 0.2391 | I30: 0.2927 | J30: =J17 -> 0.2188 | K30: =K17 -> 0.0421
E31: Investimento (R$): | G31: =G30*$E$17 -> 0 | H31: =H30*$E$17 -> 0 | I31: =I30*$E$17 -> 0 | J31: =J30*$E$17 -> 0 | K31: =K30*$E$17 -> 0
D32: Acumulado: | E32: %: | G32: =G30 -> 0.1814 | H32: 0.4478 | I32: 0.739 | J32: 0.9579 | K32: 1
E33: Investimento (R$): | G33: =G32*$E$17 -> 0 | H33: =H32*$E$17 -> 0 | I33: =I32*$E$17 -> 0 | J33: =J32*$E$17 -> 0 | K33: =K32*$E$17 -> 0

Sheet Table 2
D1: PO - PLANILHA ORÇAMENTÁRIA | J1: Grau de Sigilo
D2: Orçamento Base para Licitação - OGU | J2: #PUBLICO
A4: Nº OPERAÇÃO | C4: Nº SICONV | D4: PROPONENTE / TOMADOR | E4: APELIDO DO EMPREENDIMENTO
A5: 1064489-86 | C5: 885827 | D5: Prefeitura Municipal de Bebedouro | E5: Pavimentação Asfáltica
A7: LOCALIDADE SINAPI | C7: DATA BASE | D7: DESCRIÇÃO DO LOTE | E7: MUNICÍPIO / UF | H7: BDI 1 | I7: BDI 2 | J7: BDI 3
A8: SAO PAULO | C8: 01-21 (N DES.) | D8: Infraestrutura Urbana de Pavimentação Asfáltica no Sistema Viária do Município | E8: Bebedouro/SP | H8: 0.2184 | I8: 0 | J8: 0
A9: RECURSO
A10: Item | B10: Fonte | C10: Código | D10: Descrição | E10: Unidade | F10: Quantidade | G10: Custo Unitário (sem BDI) (R$) | H10: BDI (%) | I10: Preço Unitário (com BDI) (R$) | J10: Preço Total (R$) | K10: ↓
A11: Infraestrutura Urbana de Pavimentação Asfáltica no Sistema Viária do Município | J11: 1041046.4
A12: 1.5.1. | B12: SINAPI | C12: 101115 | D12: ESCAVAÇÃO HORIZONTAL EM SOLO DE 1A CATEGORIA COM TRATOR DE ESTEIRAS (150HP/LÂMINA: 3,18M3). AF_07/2020 | E12: M3 | F12: 1869.25 | G12: 2.57 | H12: BDI 1 | I12: 3.13 | J12: 5850.75 | K12: RA
A13: 1.5.2. | B13: SINAPI | C13: 100978 | D13: CARGA, MANOBRA E DESCARGA DE SOLOS E MATERIAIS GRANULARES EM CAMINHÃO BASCULANTE 10 M³ - CARGA COM ESCAVADEIRA HIDRÁULICA (CAÇAMBA DE 1,20 M³ / 155 HP) E DESCARGA LIVRE (UNIDADE: M3). AF_07/2020 | E13: M3 | F13: 2523.49 | G13: 4.29 | H13: BDI 1 | I13: 5.23 | J13: 13197.85 | K13: RA
A14: 1.5.3. | B14: SINAPI | C14: 95876 | D14: TRANSPORTE COM CAMINHÃO BASCULANTE DE 14 M³, EM VIA URBANA PAVIMENTADA, DMT ATÉ 30 KM (UNIDADE: M3XKM). AF_07/2020 | E14: M3XKM | F14: 6309.5 | G14: 1.33 | H14: BDI 1 | I14: 1.62 | J14: 10221.39 | K14: RA
A15: 1.5.4. | B15: SINAPI | C15: 100576 | D15: REGULARIZAÇÃO E COMPACTAÇÃO DE SUBLEITO DE SOLO PREDOMINANTEMENTE ARGILOSO. AF_11/2019 | E15: M2 | F15: 3977.13 | G15: 1.74 | H15: BDI 1 | I15: 2.12 | J15: 8431.52 | K15: RA
A16: 1.6. | D16: Execução de Sub-Base | I16: - | J16: 88984.64
A17: 1.6.1. | B17: SINAPI | C17: 93593 | D17: TRANSPORTE COM CAMINHÃO BASCULANTE DE 14 M³, EM VIA URBANA PAVIMENTADA, ADICIONAL PARA DMT EXCEDENTE A 30 KM (UNIDADE: M3XKM). AF_07/2020 | E17: M3XKM | F17: 19328.85 | G17: 0.53 | H17: BDI 1 | I17: 0.65 | J17: 12563.75 | K17: RA
A18: 1.6.2. | B18: SINAPI | C18: 100937 | D18: TRANSPORTE COM CAMINHÃO BASCULANTE DE 6 M³, EM VIA INTERNA (DENTRO DO CANTEIRO - UNIDADE: M3XKM). AF_07/2020 | E18: M3XKM | F18: 994.28 | G18: 5.63 | H18: BDI 1 | I18: 6.86 | J18: 6820.76 | K18: RA
A19: 1.6.3. | B19: SINAPI | C19: 100978 | D19: CARGA, MANOBRA E DESCARGA DE SOLOS E MATERIAIS GRANULARES EM CAMINHÃO BASCULANTE 10 M³ - CARGA COM ESCAVADEIRA HIDRÁULICA (CAÇAMBA DE 1,20 M³ / 155 HP) E DESCARGA LIVRE (UNIDADE: M3). AF_07/2020 | E19: M3 | F19: 795.43 | G19: 4.29 | H19: BDI 1 | I19: 5.23 | J19: 4160.1 | K19: RA
A20: 1.6.4. | B20: SINAPI | C20: 100572 | D20: EXECUÇÃO E COMPACTAÇÃO DE BASE E OU SUB-BASE PARA PAVIMENTAÇÃO DE SOLO (PREDOMINANTEMENTE ARGILOSO) BRITA - 40/60 - EXCLUSIVE SOLO, ESCAVAÇÃO, CARGA E TRANSPORTE. AF_11/2019 | E20: M3 | F20: 795.43 | G20: 67.52 | H20: BDI 1 | I20: 82.27 | J20: 65440.03 | K20: RA
A21: 1.7. | D21: Execução de Base | I21: - | J21: 79342.06
A22: 1.7.1. | B22: SINAPI | C22: 93593 | D22: TRANSPORTE COM CAMINHÃO BASCULANTE DE 14 M³, EM VIA URBANA PAVIMENTADA, ADICIONAL PARA DMT EXCEDENTE A 30 KM (UNIDADE: M3XKM). AF_07/2020 | E22: M3XKM | F22: 16107.38 | G22: 0.53 | H22: BDI 1 | I22: 0.65 | J22: 10469.8 | K22: RA
A23: 1.7.2. | B23: SINAPI | C23: 100937 | D23: TRANSPORTE COM CAMINHÃO BASCULANTE DE 6 M³, EM VIA INTERNA (DENTRO DO CANTEIRO - UNIDADE: M3XKM). AF_07/2020 | E23: M3XKM | F23: 994.28 | G23: 5.63 | H23: BDI 1 | I23: 6.86 | J23: 6820.76 | K23: RA
A24: 1.7.3. | B24: SINAPI | C24: 100978 | D24: CARGA, MANOBRA E DESCARGA DE SOLOS E MATERIAIS GRANULARES EM CAMINHÃO BASCULANTE 10 M³ - CARGA COM ESCAVADEIRA HIDRÁULICA (CAÇAMBA DE 1,20 M³ / 155 HP) E DESCARGA LIVRE (UNIDADE: M3). AF_07/2020 | E24: M3 | F24: 795.43 | G24: 4.29 | H24: BDI 1 | I24: 5.23 | J24: 4160.1 | K24: RA
A25: 1.7.4. | B25: SINAPI | C25: 100573 | D25: EXECUÇÃO E COMPACTAÇÃO DE BASE E OU SUB-BASE PARA PAVIMENTAÇÃO DE SOLO (PREDOMINANTEMENTE ARGILOSO) BRITA - 50/50 - EXCLUSIVE SOLO, ESCAVAÇÃO, CARGA E TRANSPORTE. AF_11/2019 | E25: M3 | F25: 795.43 | G25: 59.73 | H25: BDI 1 | I25: 72.78 | J25: 57891.4 | K25: RA
A26: 1.8. | D26: Execução de Guias e Sarjetas (Condutor de Águas Superficiais) | I26: - | J26: 46844.06

Sheet Table 3
D1: PO - PLANILHA ORÇAMENTÁRIA | J1: Grau de Sigilo
D2: Orçamento Base para Licitação - OGU | J2: #PUBLICO
A4: Nº OPERAÇÃO | C4: Nº SICONV | D4: PROPONENTE / TOMADOR | E4: APELIDO DO EMPREENDIMENTO
A5: 1064489-86 | C5: 885827 | D5: Prefeitura Municipal de Bebedouro | E5: Pavimentação Asfáltica
A7: LOCALIDADE SINAPI | C7: DATA BASE | D7: DESCRIÇÃO DO LOTE | E7: MUNICÍPIO / UF | H7: BDI 1 | I7: BDI 2 | J7: BDI 3
A8: SAO PAULO | C8: 01-21 (N DES.) | D8: Infraestrutura Urbana de Pavimentação Asfáltica no Sistema Viária do Município | E8: Bebedouro/SP | H8: 0.2184 | I8: 0 | J8: 0
A9: RECURSO
A10: Item | B10: Fonte | C10: Código | D10: Descrição | E10: Unidade | F10: Quantidade | G10: Custo Unitário (sem BDI) (R$) | H10: BDI (%) | I10: Preço Unitário (com BDI) (R$) | J10: Preço Total (R$)
A11: Infraestrutura Urbana de Pavimentação Asfáltica no Sistema Viária do Município | J11: 1041046.4
A12: 1.8.1. | B12: SINAPI | C12: 94267 | D12: GUIA (MEIO-FIO) E SARJETA CONJUGADOS DE CONCRETO, MOLDADA IN LOCO EM TRECHO RETO COM EXTRUSORA, 45 CM BASE (15 CM BASE DA GUIA + 30 CM BASE DA SARJETA) X 22 CM ALTURA. AF_06/2016 | E12: M | F12: 881.9 | G12: 38.65 | H12: BDI 1 | I12: 47.09 | J12: 41528.67
A13: 1.8.2. | B13: SINAPI | C13: 94268 | D13: GUIA (MEIO-FIO) E SARJETA CONJUGADOS DE CONCRETO, MOLDADA IN LOCO EM TRECHO CURVO COM EXTRUSORA, 45 CM BASE (15 CM BASE DA GUIA + 30 CM BASE DA SARJETA) X 22 CM ALTURA. AF_06/2016 | E13: M | F13: 101.13 | G13: 43.14 | H13: BDI 1 | I13: 52.56 | J13: 5315.39
A14: 1.9. | D14: Arborização ( Plantio de Grama no Canteiro Central) | I14: - | J14: 36726.48
A15: 1.9.1. | B15: SINAPI | C15: 98520 | D15: APLICAÇÃO DE ADUBO EM SOLO. AF_05/2018 | E15: M2 | F15: 1997.09 | G15: 3.96 | H15: BDI 1 | I15: 4.82 | J15: 9625.97
A16: 1.9.2. | B16: SINAPI | C16: 98504 | D16: PLANTIO DE GRAMA EM PLACAS. AF_05/2018 | E16: M2 | F16: 1997.09 | G16: 11.14 | H16: BDI 1 | I16: 13.57 | J16: 27100.51
A17: 1.10. | D17: Pavimentação Asfáltica: Tipo CBUQ ( Camada de Rolamento: espessura acabada 7,0 cm) | I17: - | J17: 370401.32
A18: 1.10.1. | B18: SINAPI | C18: 96401 | D18: EXECUÇÃO DE IMPRIMAÇÃO COM ASFALTO DILUÍDO CM-30. AF_11/2019 | E18: M2 | F18: 3977.13 | G18: 6.71 | H18: BDI 1 | I18: 8.18 | J18: 32532.92
A19: 1.10.2. | B19: SINAPI | C19: 96402 | D19: EXECUÇÃO DE PINTURA DE LIGAÇÃO COM EMULSÃO ASFÁLTICA RR-2C. AF_11/2019 | E19: M2 | F19: 3977.13 | G19: 1.96 | H19: BDI 1 | I19: 2.39 | J19: 9505.34
A20: 1.10.3. | B20: SINAPI | C20: 93177 | D20: TRANSPORTE DE MATERIAL ASFALTICO, COM CAMINHÃO COM CAPACIDADE DE 20000 L EM RODOVIA PAVIMENTADA PARA DISTÂNCIAS MÉDIAS DE TRANSPORTE IGUAL OU INFERIOR A 100 KM. AF_02/2016 | E20: TXKM | F20: 402.68 | G20: 1.84 | H20: BDI 1 | I20: 2.24 | J20: 902
A21: 1.10.4. | B21: SINAPI | C21: 93599 | D21: TRANSPORTE COM CAMINHÃO BASCULANTE DE 14 M³, EM VIA URBANA PAVIMENTADA, ADICIONAL PARA DMT EXCEDENTE A 30 KM (UNIDADE: TXKM). AF_07/2020 | E21: TXKM | F21: 26383.88 | G21: 0.35 | H21: BDI 1 | I21: 0.43 | J21: 11345.07
A22: 1.10.5. | B22: SICRO | C22: 5914649 | D22: Carga, manobra e descarga de mistura betuminosa a quente em caminhão basculante de 10 m³ - carga em usina de asfalto 100/140 t/h e descarga em vibroacabadora | E22: t | F22: 651.45 | G22: 3.8 | H22: BDI 1 | I22: 4.63 | J22: 3016.21
A23: 1.10.6. | B23: SINAPI | C23: 95995 | D23: EXECUÇÃO DE PAVIMENTO COM APLICAÇÃO DE CONCRETO ASFÁLTICO, CAMADA DE ROLAMENTO - EXCLUSIVE CARGA E TRANSPORTE. AF_11/2019 | E23: M3 | F23: 278.4 | G23: 923.05 | H23: BDI 1 | I23: 1124.64 | J23: 313099.78
A24: 1.11. | D24: Sinalização Viária Vertical: Placas Regulamentadoras (R-1; R-19; R-24a; A- 32b; R-6a; R-6b) | I24: - | J24: 12150.23
A25: 1.11.1. | B25: Composição | C25: 3 | D25: Fornecimento e Implementação de Placa de Sinalização Viária de Aço com Pintura Refletiva. (Advertência e Regulamentação) | E25: m² | F25: 4.16 | G25: 533.77 | H25: BDI 1 | I25: 650.35 | J25: 2705.46
A26: 1.11.2. | B26: Composição | C26: 4 | D26: Fornecimento e Implementação de Suporte Metálico Galvanizado ( D = 2 1/2" e H = 3,50 m ) para Placa de Sinalização ( Advertência e Regulamentação) | E26: UNIDADE | F26: 31 | G26: 250.06 | H26: BDI 1 | I26: 304.67 | J26: 9444.77
A27: 1.12. | D27: Sinalização Viária : Identificação de Logradouro | I27: - | J27: 2420.45
A28: 1.12.1. | B28: Composição | C28: 5 | D28: Fornecimento e Implementação de Placa de Identificação do Logradouro | E28: UNIDADE | F28: 10 | G28: 73.63 | H28: BDI 1 | I28: 89.71 | J28: 897.1
A29: 1.12.2. | B29: Composição | C29: 4 | D29: Fornecimento e Implementação de Suporte Metálico Galvanizado ( D = 2 1/2" e H = 3,50 m ) para Placa de Sinalização ( Advertência e Regulamentação) | E29: UNIDADE | F29: 5 | G29: 250.06 | H29: BDI 1 | I29: 304.67 | J29: 1523.35

Sheet Table 4
D1: PO - PLANILHA ORÇAMENTÁRIA | J1: Grau de Sigilo
D2: Orçamento Base para Licitação - OGU | J2: #PUBLICO
A4: Nº OPERAÇÃO | C4: Nº SICONV | D4: PROPONENTE / TOMADOR | E4: APELIDO DO EMPREENDIMENTO
A5: 1064489-86 | C5: 885827 | D5: Prefeitura Municipal de Bebedouro | E5: Pavimentação Asfáltica
A7: LOCALIDADE SINAPI | C7: DATA BASE | D7: DESCRIÇÃO DO LOTE | E7: MUNICÍPIO / UF | H7: BDI 1 | I7: BDI 2 | J7: BDI 3
A8: SAO PAULO | C8: 01-21 (N DES.) | D8: Infraestrutura Urbana de Pavimentação Asfáltica no Sistema Viária do Município | E8: Bebedouro/SP | H8: 0.2184 | I8: 0 | J8: 0
A9: RECURSO
A10: Item | B10: Fonte | C10: Código | D10: Descrição | E10: Unidade | F10: Quantidade | G10: Custo Unitário (sem BDI) (R$) | H10: BDI (%) | I10: Preço Unitário (com BDI) (R$) | J10: Preço Total (R$)
A11: Infraestrutura Urbana de Pavimentação Asfáltica no Sistema Viária do Município | J11: 1041046.4
A12: 1.13. | D12: Sinalização Viária Horizontal: Linha Simples Seccionada(LMS-2) ; Marca delimitadora de estacionamento regulamentado(MER); Linha de retenção(LRE); Faixa de Travessia de pedestres(FTP-1); Zebrado de preenchimento da área de pavimento não utilizável(ZP) | I12: - | J12: 6982.74
A13: 1.13.1. | B13: SINAPI | C13: 72947 | D13: SINALIZACAO HORIZONTAL COM TINTA RETRORREFLETIVA A BASE DE RESINA ACRILICA COM MICROESFERAS DE VIDRO | E13: M2 | F13: 264.78 | G13: 16.82 | H13: BDI 1 | I13: 20.49 | J13: 5425.34
A14: 1.13.2. | B14: SICRO | C14: 5213362 | D14: Tachão refletivo em plástico injetado - bidirecional - fornecimento e colocação | E14: un | F14: 20 | G14: 63.91 | H14: BDI 1 | I14: 77.87 | J14: 1557.4
A15: 1.14. | D15: Passeio Público ( Acessibilidades em Calçamento Novo) | I15: - | J15: 83071.89
A16: 1.14.1. | B16: SINAPI | C16: 98525 | D16: LIMPEZA MECANIZADA DE CAMADA VEGETAL, VEGETAÇÃO E PEQUENAS ÁRVORES (DIÂMETRO DE TRONCO MENOR QUE 0,20 M), COM TRATOR DE ESTEIRAS.AF_05/2018 | E16: M2 | F16: 752.19 | G16: 0.32 | H16: BDI 1 | I16: 0.39 | J16: 293.35
A17: 1.14.2. | B17: SINAPI | C17: 97083 | D17: COMPACTAÇÃO MECÂNICA DE SOLO PARA EXECUÇÃO DE RADIER, COM COMPACTADOR DE SOLOS A PERCUSSÃO. AF_09/2017 | E17: M2 | F17: 752.19 | G17: 3.08 | H17: BDI 1 | I17: 3.75 | J17: 2820.71
A18: 1.14.3. | B18: SINAPI | C18: 96622 | D18: LASTRO COM MATERIAL GRANULAR, APLICAÇÃO EM PISOS OU RADIERS, ESPESSURA DE *5 CM*. AF_08/2017 | E18: M3 | F18: 37.61 | G18: 102.78 | H18: BDI 1 | I18: 125.23 | J18: 4709.9
A19: 1.14.4. | B19: SINAPI | C19: 94995 | D19: EXECUÇÃO DE PASSEIO (CALÇADA) OU PISO DE CONCRETO COM CONCRETO MOLDADO IN LOCO, USINADO, ACABAMENTO CONVENCIONAL, ESPESSURA 8 CM, ARMADO. AF_07/2016 | E19: M2 | F19: 752.19 | G19: 80.8 | H19: BDI 1 | I19: 98.45 | J19: 74053.11
A20: 1.14.5. | B20: Composição | C20: 2 | D20: Execução de Rampa de Acessibilidades com Pintura Orientativa no solo | E20: UNIDADE | F20: 2 | G20: 490.32 | H20: BDI 1 | I20: 597.41 | J20: 1194.82
A21: 1.15. | D21: Execução de Acessibilidades em Passeio Público Existente | I21: - | J21: 3722.99
A22: 1.15.1. | B22: SICRO | C22: 1600447 | D22: Demolição manual de meio fio de concreto | E22: m³ | F22: 0.28 | G22: 322.21 | H22: BDI 1 | I22: 392.58 | J22: 109.92
A23: 1.15.2. | B23: SICRO | C23: 1600436 | D23: Demolição de concreto simples | E23: m³ | F23: 2.8 | G23: 358.62 | H23: BDI 1 | I23: 436.94 | J23: 1223.43
A24: 1.15.3. | B24: Composição | C24: 2 | D24: Execução de Rampa de Acessibilidades com Pintura Orientativa no solo | E24: UNIDADE | F24: 4 | G24: 490.32 | H24: BDI 1 | I24: 597.41 | J24: 2389.64
A25: 1.16. | D25: Execução de Calçamento com Sinalização Orientativa e Rebaixamento de Guia Canteiro Cental Existente - Tipo CE1 | I25: - | J25: 671.76
A26: 1.16.1. | B26: SICRO | C26: 1600447 | D26: Demolição manual de meio fio de concreto | E26: m³ | F26: 0.06 | G26: 322.21 | H26: BDI 1 | I26: 392.58 | J26: 23.55
A27: 1.16.2. | B27: Composição | C27: 6 | D27: Calçamento no Canteiro Central Existente com com Pintura Orientativa no solo para PNE | E27: UNIDADE | F27: 1 | G27: 532.02 | H27: BDI 1 | I27: 648.21 | J27: 648.21
A28: 1.17. | D28: Execução de Sinalização Orientativa Canteiro Central à implementar (novo) - Tipo C1 | I28: - | J28: 2004.2
A29: 1.17.1. | B29: Composição | C29: 7 | D29: Sinalização Orientativa em canteiros centrais (Tipo - C1) | E29: UNIDADE | F29: 4 | G29: 411.24 | H29: BDI 1 | I29: 501.05 | J29: 2004.2
A30: 1.18. | D30: Recapeamento Asfáltico - Prolongamento Avenida São Francisco- Espessura 7,0 cm - Asfalto Existente | I30: - | J30: 207697.11
A31: 1.18.1. | B31: SINAPI | C31: 99814 | D31: LIMPEZA DE SUPERFÍCIE COM JATO DE ALTA PRESSÃO. AF_04/2019 | E31: M2 | F31: 2385.03 | G31: 1.85 | H31: BDI 1 | I31: 2.25 | J31: 5366.32
A32: 1.18.2. | B32: SINAPI | C32: 93177 | D32: TRANSPORTE DE MATERIAL ASFALTICO, COM CAMINHÃO COM CAPACIDADE DE 20000 L EM RODOVIA PAVIMENTADA PARA DISTÂNCIAS MÉDIAS DE TRANSPORTE IGUAL OU INFERIOR A 100 KM. AF_02/2016 | E32: TXKM | F32: 115.91 | G32: 1.84 | H32: BDI 1 | I32: 2.24 | J32: 259.64
A33: 1.18.3. | B33: SINAPI | C33: 93599 | D33: TRANSPORTE COM CAMINHÃO BASCULANTE DE 14 M³, EM VIA URBANA PAVIMENTADA, ADICIONAL PARA DMT EXCEDENTE A 30 KM (UNIDADE: TXKM). AF_07/2020 | E33: TXKM | F33: 15822.05 | G33: 0.35 | H33: BDI 1 | I33: 0.43 | J33: 6803.48

Sheet Table 5
D1: PO - PLANILHA ORÇAMENTÁRIA | J1: Grau de Sigilo
D2: Orçamento Base para Licitação - OGU | J2: #PUBLICO
A4: Nº OPERAÇÃO | C4: Nº SICONV | D4: PROPONENTE / TOMADOR | E4: APELIDO DO EMPREENDIMENTO
A5: 1064489-86 | C5: 885827 | D5: Prefeitura Municipal de Bebedouro | E5: Pavimentação Asfáltica
A7: LOCALIDADE SINAPI | C7: DATA BASE | D7: DESCRIÇÃO DO LOTE | E7: MUNICÍPIO / UF | H7: BDI 1 | I7: BDI 2 | J7: BDI 3
A8: SAO PAULO | C8: 01-21 (N DES.) | D8: Infraestrutura Urbana de Pavimentação Asfáltica no Sistema Viária do Município | E8: Bebedouro/SP | H8: 0.2184 | I8: 0 | J8: 0
A9: RECURSO
A10: Item | B10: Fonte | C10: Código | D10: Descrição | E10: Unidade | F10: Quantidade | G10: Custo Unitário (sem BDI) (R$) | H10: BDI (%) | I10: Preço Unitário (com BDI) (R$) | J10: Preço Total (R$) | K10: ↓
A11: Infraestrutura Urbana de Pavimentação Asfáltica no Sistema Viária do Município | J11: 1041046.4
A12: 1.18.4. | B12: SINAPI | C12: 96402 | D12: EXECUÇÃO DE PINTURA DE LIGAÇÃO COM EMULSÃO ASFÁLTICA RR-2C. AF_11/2019 | E12: M2 | F12: 2385.03 | G12: 1.96 | H12: BDI 1 | I12: 2.39 | J12: 5700.22 | K12: RA
A13: 1.18.5. | B13: SICRO | C13: 5914649 | D13: Carga, manobra e descarga de mistura betuminosa a quente em caminhão basculante de 10 m³ - carga em usina de asfalto 100/140 t/h e descarga em vibroacabadora | E13: t | F13: 390.67 | G13: 3.8 | H13: BDI 1 | I13: 4.63 | J13: 1808.8 | K13: RA
A14: 1.18.6. | B14: SINAPI | C14: 95995 | D14: EXECUÇÃO DE PAVIMENTO COM APLICAÇÃO DE CONCRETO ASFÁLTICO, CAMADA DE ROLAMENTO - EXCLUSIVE CARGA E TRANSPORTE. AF_11/2019 | E14: M3 | F14: 166.95 | G14: 923.05 | H14: BDI 1 | I14: 1124.64 | J14: 187758.65 | K14: RA
A16: Encargos sociais: | C16: Declaro que foram utilizados os encargos sociais do SINAPI para a localidade SAO PAULO.
A18: Observações:
A19: Taxa de Empolamento do Solo Predominante Argisolo: 35 % - 40 %. Gramas do tipo batatais com realização de prepara do solo com adubação de fertilizante enriquecidor de solo (NPK) e fertilizante de pega ( Adubo Orgânico - Classe A). Asfálto diluído CM -30 : taxa de aplicação de 0,0013T/m². Emulsão RR - 2C : taxa de aplicação de 0,0012T/m². A massa específica de massa asfáltica compactada 2,34 t/m³ .
A21: Foi considerado arredondamento de duas casas decimais para Quantidade; Custo Unitário; BDI; Preço Unitário; Preço Total; Eventos.
A22: Siglas da Composição do Investimento: RA - Rateio proporcional entre Repasse e Contrapartida; RP - 100% Repasse; CP - 100% Contrapartida; OU - 100% Outros.
A23: Bebedouro/SP
A24: Local | E24: Responsável Técnico
E25: Nome: | F25: Wagner Silveira
A26: segunda-feira, 12 de julho de 2021 | E26: CREA/CAU: | F26: 506005510-9
A27: Data | E27: ART/RRT: | F27: 2.802723e+16
